 Dungeon Crawl Stone Soup version 0.30.1-11-g7821555f0a (webtiles) character file.

Game seed: 5274207025323576492

9387 SacredBeard the Martial Artist (level 11, -2/79 (89) HPs)
             Began as a Demonspawn Necromancer on Nov 15, 2023.
             Killed by vampiric draining
             ... invoked by Josephine
              (18 damage)
             ... on level 10 of the Dungeon.
             The game lasted 00:45:34 (11769 turns).

SacredBeard the Martial Artist (DsNe)              Turns: 11769, Time: 00:45:35

HP:   -2/79 (89)    AC: 13    Str: 13    XL:     11   Next: 22%
MP:   0/18          EV: 12    Int: 17    God:
Gold: 803           SH:  0    Dex: 13    Spells: 10/20 levels left

rFire   . .          .
                       - Unarmed
rCold   . . .        (no shield)
rNeg    . . .        a - +3 leather armour
rPois   +            (helmet restricted)
rElec   .            (cloak unavailable)
rCorr   .            v - +0 pair of gloves
SInv    .            I - +1 pair of boots
Will    .....        y - amulet of regeneration
Stlth   ++           F - ring of poison resistance
HPRegen 1.13/turn    w - +4 ring of protection
MPRegen 0.32/turn

%: guardian spirit
@: mighty, slowed, heavily drained, very slow
A: horns 2, demonic guardian 1, magic shield, magic regeneration, weakness
stinger 3, demonic touch 1
a: no special abilities


You were on level 10 of the Dungeon.
You visited 2 branches of the dungeon, and saw 12 of its levels.

You collected 803 gold pieces.

Inventory:

Hand Weapons
 G - a +1 sling of flaming
 T - a +4 spear of freezing
Missiles
 j - 104 stones
 n - 29 poisoned darts
 P - 4 boomerangs
Armour
 a - a +3 leather armour (worn)
 v - a +0 pair of gloves (worn)
 I - a +1 pair of boots (worn)
Jewellery
 c - a ring of ice
 l - a ring of positive energy
 p - a ring of protection from fire
 w - a +4 ring of protection (right hand)
 y - an amulet of regeneration (around neck)
 B - a ring of ice
 D - a ring of willpower
 E - the ring "Bepiz" {Wiz rElec Will- MP+9 Dex-5}
   (You found it on level 11 of the Dungeon)

   [ring of wizardry]

   It improves your spell success rate.
   Dex:       It affects your dexterity (-5).
   rElec:     It insulates you from electricity.
   MP:        It affects your magic capacity (+9).
   Will:      It decreases your willpower.
 F - a ring of poison resistance (left hand)
 N - a ring of magical power
 O - a ring of flight
 R - a ring of resist corrosion
Wands
 H - a wand of polymorph (13)
Scrolls
 d - 2 scrolls of blinking
 e - 6 scrolls of teleportation
 f - a scroll of brand weapon {unknown}
 h - 2 scrolls of amnesia
 o - 2 scrolls of silence
 q - 2 scrolls of torment {unknown}
 r - 2 scrolls of noise {unknown}
 s - a scroll of enchant armour {unknown}
 z - a scroll of magic mapping {unknown}
 A - 3 scrolls of vulnerability
 J - 2 scrolls of fog
 L - a scroll of enchant weapon {unknown}
 S - a scroll of immolation {unknown}
 U - a scroll of identify
Potions
 b - a potion of magic
 i - a potion of might
 k - 2 potions of curing
 m - 3 potions of lignification
 t - 4 potions of cancellation
 u - 3 potions of mutation
 x - a potion of heal wounds {unknown}
 C - 2 potions of flight
 K - a potion of resistance {unknown}
 M - 2 potions of degeneration
 Q - a potion of brilliance {unknown}
Miscellaneous
 g - a phantom mirror


   Skills:
 - Level 9.0 Fighting
 - Level 2.0 Throwing
 - Level 2.0 Armour
 - Level 2.0 Dodging
 - Level 3.0 Stealth
 * Level 11.3 Unarmed Combat
 - Level 5.0 Spellcasting
 - Level 7.0 Necromancy
 - Level 3.0 Evocations


You had 10 spell levels left.
You knew the following spells:

 Your Spells              Type           Power      Damage    Failure   Level
a - Necrotise             Necr           100%       1d9       1%          1
b - Animate Dead          Necr           28%        N/A       10%         4
c - Agony                 Necr           28%        N/A       28%         5

Your spell library contained the following spells:

 Spells                   Type           Power      Damage    Failure   Level
 Sublimation of Blood     Necr           28%        N/A       1%          2
 Vampiric Draining        Necr           28%        2d8       3%          3
 Summon Small Mammal      Summ           16%        N/A       19%         1
 Static Discharge         Conj/Air       8%         2-3/arc   26%         2
 Wereblood                Tmut           4%         N/A       26%         2
 Call Canine Familiar     Summ           4%         N/A       47%         3
 Summon Guardian Golem    Hex/Summ       4%         N/A       47%         3
 Borgnjor's Vile Clutch   Necr/Erth      8%         N/A       75%         5
 Death Channel            Necr           14%        N/A       83%         6
 Airstrike                Air            2%         2d(1-17)  87%         4
 Summon Lightning Spire   Summ/Air       4%         N/A       87%         4
 Summon Hydra             Summ           2%         N/A       100%        7


Dungeon Overview and Level Annotations

Branches:
Dungeon (11/15) Zot: 26331  Temple (1/1) D:5 Zot: 5963    Lair (0/5) D:11
    Orc (0/2) D:11

Altars:
Ashenzari
Cheibriados
Dithmenos
Fedhas
Gozag
Hepliaklqana
Kikubaaqudgha
Makhleb
Nemelex Xobeh
Okawaru
Qazlal
Ru
Sif Muna
Trog
Uskayaw
Vehumet
Wu Jian
Xom
Yredelemnul

Shops:
D:2 =

Annotations:
D:7 Maggie
D:10 exclusion: vampire, Josephine
D:11 exclusion: oklob plant


Innate Abilities, Weirdness & Mutations

You have a pair of horns on your head.
A weak demonic guardian rushes to your aid.
When hurt, damage is shared between your health and your magic reserves.
You regenerate magic rapidly.
You have a sharp stinger which inflicts weakening toxins.
Your touch may inflict minor irresistible damage on your foes.


Message History

Your yak zombie seems to slow down.
Josephine barely misses you.
Your yak zombie gores the wraith.
The wraith hits your yak zombie. The wraith hits your yak zombie!
The wraith drains your yak zombie's vigour!
Your yak zombie seems to slow down.
Your yak zombie barely misses the wraith.
Your yak zombie gores the wraith but does no damage.
Your yak zombie closely misses the wraith.
You climb upwards.
Your mindless puppet stays behind to rot.
Level annotation: exclusion: vampire
There is a stone staircase leading down here.
You closely miss Josephine. Your headbutt misses Josephine.
You tail-slap Josephine, but do no damage.
You touch Josephine!
Josephine is moderately wounded.
Josephine hits you but does no damage.
You punch Josephine! Your headbutt misses Josephine.
Josephine is moderately wounded.
Josephine hits you with a +6 dagger of protection! x2
You hit Josephine but do no damage.
You tail-slap Josephine, but do no damage.
Josephine is moderately wounded.
Josephine hits you with a +6 dagger of protection!
* * * LOW HITPOINT WARNING * * *
You hit Josephine.
Josephine is heavily wounded.
Josephine gestures at you while chanting.
The ghostly flame explodes!
The ghostly fireball engulfs you!
You feel drained.
* * * LOW HITPOINT WARNING * * *
The ghostly fireball engulfs Josephine.
Josephine completely resists.
You feel very mighty all of a sudden.
Josephine grins evilly.
Josephine hits you but does no damage.
You punch Josephine!
Josephine is severely wounded.
Josephine hits you with a +6 dagger of protection.
* * * LOW HITPOINT WARNING * * *
Josephine draws life force from you!!
You die...

#.# #..........#[###....
#.# #......#####.###....
#.# #....#...#..........
#.######....#.#.#.#.#####..
#.......#+#.#...#.#........
#######.#.#.....#.#########
#.##.#.#####.#...>......
#....#.....#........>...
#.##..@@.#.#............
#.##.###.#.#............
#.##.#...#.#....#.......
#.##.#.###.#....#.......
#.......................
###.....##.##......####.
#.....................
#.....##.####.........
#...........#.........


You could see Josephine.

Vanquished Creatures
  2 two-headed ogres
  3 kobold demonologists (D:11)
  2 trolls
  2 hornets
  A wyvern (D:8)
  2 shadows (D:10)
  A wraith (D:11)
  9 yaks
  2 steam dragons
  4 vampire mosquitoes (D:10)
  2 orc warriors
  3 ice beasts (D:6)
  3 black bears
  An ogre (D:5)
  4 centaurs
  2 phantoms
  4 kobold brigands
  5 bullfrogs
  3 scorpions (D:7)
  4 wights (D:10)
  4 howler monkeys
  An electric eel (D:9)
  3 hounds
  A jelly (D:5)
  2 gnoll boudas (D:8)
  Terence (D:2)
  4 sleepcaps
  3 iguanas
  Natasha (thrice) (D:2)
  4 orc wizards
  15 gnolls
  4 adders
  A shadow imp (D:6)
  2 ufetubi
  2 worms (D:2)
  18 orcs
  6 endoplasms
  3 giant cockroaches
  10 goblins
  5 hobgoblins
  3 jackals (D:1)
  28 kobolds
  7 quokkas
  7 ball pythons
  A bat (D:3)
  4 frilled lizards
  6 rats
207 creatures vanquished.

Vanquished Creatures (collateral kills)
  3 yaks (D:11)
  A bullfrog (D:8)
  A scorpion (D:6)
  2 howler monkeys (D:11)
  2 iguanas
  A gnoll (D:8)
  A dart slug (D:3)
  4 orcs
  A hobgoblin (D:4)
  A kobold (D:1)
17 creatures vanquished.

Vanquished Creatures (others)
  2 howler monkey zombies (D:11)
2 creatures vanquished.

Grand Total: 226 creatures vanquished

Notes
Turn   | Place    | Note
-------+----------+-------------------------------------------
     0 | D:1      | SacredBeard the Demonspawn Necromancer began the quest for
                  | the Orb.
     0 | D:1      | Reached XP level 1. HP: 13/13 MP: 3/3
   152 | D:1      | Discovered your monstrous ancestry.
   152 | D:1      | Gained mutation: You have a pair of small horns on your
                  | head. [demonic ancestry]
   152 | D:1      | Reached XP level 2. HP: 16/19 MP: 1/5
   275 | D:1      | Found a faded altar of an unknown god.
   448 | D:1      | You fall into a shaft and drop 1 floor!
   752 | D:2      | Found Qeryewki's Jewellery Boutique.
   798 | D:2      | Noticed Terence
  1029 | D:1      | Gained mutation: You regenerate magic rapidly. [demonic
                  | ancestry]
  1029 | D:1      | Reached XP level 3. HP: 16/25 MP: 0/6
  1903 | D:3      | Reached skill level 1 in Armour
  1903 | D:3      | Reached skill level 5 in Necromancy
  2044 | D:3      | Gained mutation: You have a small tail. [demonic ancestry]
  2044 | D:3      | Reached XP level 4. HP: 31/31 MP: 4/7
  2117 | D:3      | Noticed a phantom
  2137 | D:3      | Killed a phantom
  2138 | D:3      | Reached skill level 1 in Fighting
  2138 | D:3      | Gained mutation: When hurt, damage is shared between your
                  | health and your magic reserves. [demonic ancestry]
  2138 | D:3      | Reached XP level 5. HP: 17/37 MP: 9/9
  2972 | D:4      | Gained mutation: A weak demonic guardian rushes to your
                  | aid. [demonic ancestry]
  2972 | D:4      | Reached XP level 6. HP: 40/44 MP: 1/11
  3127 | D:2      | Noticed Natasha
  3133 | D:2      | Killed Natasha
  3508 | D:2      | Killed Terence
  3563 | D:2      | Noticed Natasha
  3568 | D:2      | Killed Natasha
  3661 | D:2      | Noticed Natasha
  3670 | D:2      | Killed Natasha
  3767 | D:5      | Entered Level 5 of the Dungeon
  4057 | D:5      | Reached XP level 7. HP: 51/51 MP: 8/13
  4267 | D:5      | Found a staircase to the Ecumenical Temple.
  4741 | Temple   | Entered the Ecumenical Temple
  4741 | Temple   | Found a transporter.
  4741 | Temple   | Found a transporter.
  4743 | Temple   | Found a transporter.
  4743 | Temple   | Found a transporter.
  4931 | D:6      | Reached skill level 1 in Evocations
  5177 | D:5      | Reached skill level 5 in Spellcasting
  5219 | D:6      | Gained mutation: Your touch may inflict minor irresistible
                  | damage on your foes. [demonic ancestry]
  5219 | D:6      | Reached XP level 8. HP: 58/58 MP: 6/15
  5280 | D:6      | Reached skill level 1 in Unarmed Combat
  5430 | D:6      | Reached skill level 2 in Unarmed Combat
  5913 | D:7      | Reached skill level 3 in Unarmed Combat
  5937 | D:7      | Found a basalt altar of Yredelemnul.
  6122 | D:7      | Noticed Maggie
  6249 | D:7      | Reached skill level 4 in Unarmed Combat
  6514 | D:8      | Reached skill level 5 in Fighting
  6742 | D:8      | Reached skill level 5 in Unarmed Combat
  6772 | D:8      | Noticed a two-headed ogre
  7014 | D:8      | Gained mutation: You have a tail ending in a sharp stinger.
                  | [demonic ancestry]
  7014 | D:8      | Reached XP level 9. HP: 54/68 MP: 2/16
  7373 | D:8      | Learned a level 4 spell: Animate Dead
  7379 | D:8      | Learned a level 5 spell: Agony
  8025 | D:9      | Noticed a two-headed ogre
  8371 | D:8      | Reached skill level 6 in Unarmed Combat
  8479 | D:9      | Reached skill level 1 in Throwing
  8505 | D:9      | Found a shimmering blue altar of Sif Muna.
  8854 | D:7      | Reached skill level 7 in Unarmed Combat
  9057 | D:8      | Killed a two-headed ogre
  9058 | D:8      | Reached skill level 8 in Unarmed Combat
  9058 | D:8      | Gained mutation: You have a pair of horns on your head.
                  | [demonic ancestry]
  9058 | D:8      | Reached XP level 10. HP: 79/79 MP: 10/17
  9363 | D:9      | Killed a two-headed ogre
  9850 | D:9      | Reached skill level 9 in Unarmed Combat
 10034 | D:9      | Found a blossoming altar of Fedhas.
 10189 | D:10     | Entered Level 10 of the Dungeon
 10759 | D:10     | Reached skill level 10 in Unarmed Combat
 11092 | D:11     | Found a staircase to the Orcish Mines.
 11094 | D:11     | Identified the +4 morningstar of Suutot {venom, rC+ Will-
                  | Int+4}
 11232 | D:11     | Identified the ring "Bepiz" {Wiz rElec Will- MP+9 Dex-5}
 11295 | D:11     | Gained mutation: You have a sharp stinger which inflicts
                  | weakening toxins. [demonic ancestry]
 11295 | D:11     | Reached XP level 11. HP: 82/87 MP: 9/18
 11392 | D:11     | Noticed an oklob plant
 11396 | D:11     | Found a staircase to the Lair.
 11501 | D:11     | Reached skill level 11 in Unarmed Combat
 11745 | D:11     | Noticed Josephine
 11769 | D:10     | Killed from afar by Josephine

Illustrated notes

Levels and vault maps discovered:
D:1:      shiori_arrival_maze, layout_basic, ebering_ecumenical_altar_hall,
          minmay_split_cup_small
D:2:      layout_loops_ring, serial_shops, nicolae_shop_gaudy_bauble,
          uniq_natasha, uniq_terence
D:3:      layout_basic
D:4:      layout_rooms, serial_glass, glass_columns_b, glass_columns_b,
          due_unseen_surprise, feat_on_display
D:5:      minmay_evil_eye, layout_loops_ring, minmay_temple_entry_stoned_glass
D:6:      layout_basic
D:7:      cheibrodos_barr_body, layout_basic, marbit_many_paths,
          minmay_misc_feat_iff, uniq_maggie
D:8:      layout_loops_ring
D:9:      layout_stronghold, nicolae_overflow_squiral, item_on_display_a
D:10:     layout_basic
D:11:     layout_gridville, dpeg_oklobed_lair, orc_0_dummy, uniq_josephine
Temple:   hellmonk_temple_divided_pantheon

Skill      XL: |  1  2  3  4  5  6  7  8  9 10 11 |
---------------+----------------------------------+-----
Dodging        | 2 |  2.0
Stealth        | 2 3 |  3.0
Armour         | 1 2 |  2.0
Necromancy     | 5 6 7 |  7.0
Fighting       | 1 2 3 5 7 8 9 |  9.0
Spellcasting   | 3 4 5 |  5.0
Evocations     | 3 |  3.0
Unarmed Combat | 5 8 10 11 | 11.3
Throwing       | 2 |  2.0

Action                     |  1- 3 |  4- 6 |  7- 9 | 10-12 || total
---------------------------+-------+-------+-------+-------++-------
  Melee: Unarmed           |     3 |       |       |   140 ||   143
         Dagger            |    24 |    37 |       |       ||    61
         Headbutt          |     3 |     5 |    10 |    44 ||    62
         Tailslap          |       |     7 |     6 |    34 ||    47
         Short sword       |       |       |    54 |    38 ||    92
         Touch             |       |       |    10 |    41 ||    51
         Punch             |       |       |     2 |    12 ||    14
  Throw: Stone             |       |       |     4 |     2 ||     6
         Dart              |       |       |    11 |     5 ||    16
         Throwing net      |       |       |     1 |       ||     1
   Cast: Necrotise         |    89 |   111 |   316 |    55 ||   571
         Animate Dead      |       |       |       |     2 ||     2
  Evoke: Wand              |       |       |     2 |       ||     2
    Use: Scroll            |     1 |     4 |     7 |     4 ||    16
         Potion            |       |       |       |     1 ||     1
 Armour: Robe              |     5 |    20 |   119 |    23 ||   167
         Leather armour    |       |       |       |    96 ||    96
  Dodge: Dodged            |    22 |    46 |   181 |   130 ||   379
